 Dungeon Crawl Stone Soup version 0.23-a0-558-g30802b1 (webtiles) character file.

19 Amnesiac the Ducker (level 2, 0/16 HPs)
             Began as a Spriggan Berserker on Dec 12, 2018.
             Was a Follower of Trog.
             Slain by a kobold
             ... wielding a +0 dagger
              (5 damage)
             ... on level 1 of the Dungeon.
             The game lasted 00:01:08 (421 turns).

Amnesiac the Ducker (Spriggan Berserker)             Turns: 421, Time: 00:01:08

Health: 0/16       AC:  2    Str: 13    XL:     2   Next: 55%
Magic:  3/3        EV: 20    Int:  8    God:    Trog [*.....]
Gold:   2          SH:  0    Dex: 15    Spells: 1/1 levels left

rFire    . . .     SeeInvis +   a - +0 short sword
rCold    . . .     Gourm    .   (shield restricted)
rNeg     . . .     Faith    .   b - +0 animal skin
rPois    .         Spirit   .   (helmet restricted)
rElec    .         Reflect  .   (no cloak)
rCorr    .         Harm     .   (gloves unavailable)
MR       .....                  (boots unavailable)
Stlth    ++........             (no amulet)
HPRegen  0.05/turn              (no ring)
MPRegen  0.08/turn              (no ring)

@: very quick
A: very small, unfitting armour, see invisible, herbivore, speed 3, slow
metabolism 2
a: Berserk, Renounce Religion


You were on level 1 of the Dungeon.
You worshipped Trog.
Trog was aware of your devotion.
You were not hungry.

You visited 1 branch of the dungeon, and saw 2 of its levels.

You collected 2 gold pieces.

Inventory:

Hand Weapons
 a - a +0 short sword (weapon)
Armour
 b - a +0 animal skin (worn)
Potions
 d - a potion of heal wounds {!q, unknown}
 f - a potion of brilliance {!q, unknown}
 g - a potion of flight {!q, unknown}
Comestibles
 c - 2 rations


   Skills:
 - Level 2.4 Fighting
 * Level 3.9 Short Blades
 + Level 4.6 Dodging
 + Level 1.7 Stealth


You had one spell level left.
You didn't know any spells.
Your spell library was empty.

Dungeon Overview and Level Annotations

Branches:
Dungeon (2/15)

Altars:


Innate Abilities, Weirdness & Mutations

You are very small and have problems with some larger weapons.
You are too small for most types of armour.
You have supernaturally acute eyesight. (SInv)
You are a herbivore.
You cover ground extremely quickly.
You need to consume almost no food.


Message History

A kobold comes into view. It is wielding a +0 dagger.
You see here a bubbling sapphire potion {!q}.
The kobold shouts!
You hear a shout!
The giant cockroach bites you.
You hit the giant cockroach.
You kill the giant cockroach!
Trog accepts your kill.
You see here a giant cockroach corpse.
You see here a bubbling sapphire potion {!q}.
f - a bubbling sapphire potion {!q} You see here a grey potion {!q}.
g - a grey potion {!q} You hit the kobold but do no damage.
The kobold barely misses you.
You barely miss the kobold. The kobold hits you with a +0 dagger.
You miss the kobold. The kobold hits you but does no damage.
You closely miss the kobold. You barely miss the kobold.
The kobold completely misses you.
You miss the kobold.
A bat comes into view.
The kobold hits you but does no damage.
You hit the kobold.
You kill the kobold!
Trog accepts your kill.
Things that are here:
a +0 dagger; a kobold corpse You closely miss the bat.
The bat closely misses you.
You hit the bat but do no damage. The bat barely misses you.
The bat misses you.
You hit the bat.
You kill the bat!
Trog accepts your kill.
No target in view!
No target in view!
Drop what? 7/52 slots (_ for help) (? for menu, Esc to quit)
You drop a vampiric short sword.
A hobgoblin comes into view. It is wielding a +0 club.
A hobgoblin is nearby!
A kobold comes into view. It is wielding a +0 dagger.
The kobold shouts!
The hobgoblin shouts!
You hit the hobgoblin.
The hobgoblin is moderately wounded.
The hobgoblin misses you.
You barely miss the hobgoblin.
The hobgoblin is moderately wounded.
The hobgoblin hits you with a +0 club.
A goblin comes into view.
You barely miss the hobgoblin.
The hobgoblin is moderately wounded.
The hobgoblin misses you.
The goblin shouts!
You hit the hobgoblin but do no damage.
The hobgoblin is moderately wounded.
The hobgoblin hits you with a +0 club.
* * * LOW HITPOINT WARNING * * *
You hit the hobgoblin.
The hobgoblin is almost dead.
You barely miss the hobgoblin.
The hobgoblin is almost dead.
The hobgoblin closely misses you.
You hit the hobgoblin but do no damage.
The hobgoblin is almost dead.
The kobold hits you with a +0 dagger.
You die...

#........#
##...≈...
#..).....#
#.##.≈≈≈≈
#.†......#
##.#..≈≈≈
#..†.#####
#.....≈≈≈ #......#
##..≈≈≈≈≈
#......####
#.≈≈≈≈.≈
#.........####
###.≈≈≈..≈
#............#
#..≈≈≈.≈<.
#####...@g...#
#)#.≈.≈≈.≈
#...K....#
#.#..≈≈≈≈≈
#...g....#
###..≈≈≈≈≈
###......#
##....≈≈≈≈
..##.....#≈≈.≈..≈≈≈
##.#
.....##≈≈≈≈..≈≈ #.#
......#..≈≈.... ..
......#..≈≈≈..#
##..≈≈.##


You could see a hobgoblin, a goblin and a kobold.

Vanquished Creatures
  An ooze (D:2)
  A dart slug (D:1)
  3 bats (D:1)
  A giant cockroach (D:1)
  3 goblins (D:1)
  A hobgoblin (D:1)
  2 kobolds (D:1)
  A rat (D:1)
13 creatures vanquished.

Notes
Turn   | Place    | Note
-------+----------+-------------------------------------------
     0 | D:1      | Amnesiac the Spriggan Berserker began the quest for the
                  | Orb.
     0 | D:1      | Reached XP level 1. HP: 11/11 MP: 2/2
    98 | D:2      | Reached skill level 1 in Stealth
    98 | D:2      | Reached XP level 2. HP: 10/16 MP: 3/3
   421 | D:1      | Slain by a kobold

Vault maps used:
D:1:      dpeg_arrival_subterranean_lakeside_camping
D:2:      first_ration, minmay_rat_hole, uniq_natasha

Skill      XL: |  1 |
---------------+----+-----
Stealth        | 1 |  1.7
Fighting       | |  2.4
Short Blades   | |  3.9
Dodging        | |  4.6

Action                   || total
-------------------------++-------
Melee: Short sword       ||    67
 Stab: Sleeping          ||     1
Armor: Animal skin       ||     3
Dodge: Dodged            ||    59

Table legend:
 A = Non-vault XP
 B = Vault XP
 C = Vault XP percentage of total XP
 D = Non-vault monster count
 E = Vault monster count
 F = Vault count percentage of total count
                 A         B        C        D         E       F
            +---------+---------+-------+---------+---------+-------
      Total |      22 |       6 |  21.4 |       9 |       4 |  30.8
            +---------+---------+-------+---------+---------+-------
        D:1 |      15 |       6 |  28.6 |       8 |       4 |  33.3
        D:2 |       7 |       0 |   0.0 |       1 |       0 |   0.0
            +---------+---------+-------+---------+---------+-------
